[Event "ICC Open 2015"]
[Site "Internet Chess Club"]
[Date "2015.05.30"]
[Round "11"]
[White "ChessicaSimpson"]
[Black "oviwan68"]
[Result "0-1"]
[ICCResult "White checkmated"]
[WhiteElo "1864"]
[BlackElo "1995"]
[Opening "King's pawn opening"]
[ECO "B07"]
[NIC "VO.17"]
[Time "16:14:10"]
[TimeControl "180+0"]

1. e4 d6 2. g3 Nf6 3. f4 g6 4. e5 Nfd7 5. exd6 cxd6 6. Nc3 Bg7 7. Bg2 Nc6 8.
d3 O-O 9. Nf3 Nf6 10. h3 Qb6 11. b3 Nh5 12. Bb2 Nxg3 13. Rg1 Nd4 14. Kd2
Nxf3+ 15. Qxf3 Nf5 16. Rae1 Qa5 17. Kc1 Bxc3 18. Qe4 Nd4 19. Qxe7 Bf5 20.
Qxd6 Rac8 21. Bxc3 Qxc3 22. Bd5 Qxc2# {White checkmated} 0-1

[Event "ICC Open 2015"]
[Site "Internet Chess Club"]
[Date "2015.05.30"]
[Round "11"]
[White "bythebook"]
[Black "sakram07"]
[Result "1-0"]
[ICCResult "Black checkmated"]
[WhiteElo "1647"]
[BlackElo "1826"]
[Opening "French: Winawer, advance, Smyslov variation"]
[ECO "C19"]
[NIC "FR.11"]
[Time "16:14:15"]
[TimeControl "180+0"]

1. e4 e6 2. d4 d5 3. Nc3 Bb4 4. e5 c5 5. a3 Bxc3+ 6. bxc3 Ne7 7. a4 Nbc6 8.
Nf3 Qa5 9. Bd2 c4 10. g3 Bd7 11. Bh3 Nf5 12. O-O h5 13. Qe1 h4 14. g4 Nfe7
15. Ng5 Ng6 16. f4 f6 17. exf6 gxf6 18. Nxe6 Kf7 19. f5 Nge7 20. g5 Rhg8 21.
Kh1 Bxe6 22. Qxe6+ Kf8 23. gxf6 Re8 24. fxe7+ Rxe7 25. Qf6+ Rf7 26. Qd6+ Kg7
27. Rg1+ Kh7 28. Rxg8 Kxg8 29. Rg1+ Kh7 30. Qg6+ Kh8 31. Qg8# {Black
checkmated} 1-0

[Event "ICC Open 2015"]
[Site "Internet Chess Club"]
[Date "2015.05.30"]
[Round "11"]
[White "HPG1947"]
[Black "JobbyleHut"]
[Result "1-0"]
[ICCResult "Black resigns"]
[WhiteElo "1726"]
[BlackElo "1365"]
[Opening "Mieses opening"]
[ECO "A00"]
[NIC "VO.13"]
[Time "16:14:15"]
[TimeControl "180+0"]

1. d3 d6 2. e4 e5 3. f4 exf4 4. Bxf4 h6 5. Nf3 g5 6. Be3 Bg7 7. Bd4 f6 8.
Be2 c5 9. Bc3 Nc6 10. O-O Be6 11. Na3 Qd7 12. Nd2 Nge7 13. Bh5+ Kd8 14. b3
a6 15. Nac4 Kc7 16. a4 Ne5 17. Ba5+ Kb8 18. Nb6 Qc6 19. Nxa8 Kxa8 20. Bc3
Rf8 21. Nf3 f5 22. Nxe5 dxe5 23. exf5 Nxf5 24. Qe2 Nd4 25. Rxf8+ Bxf8 26.
Qxe5 Bd6 27. Rf1 Ne2+ 28. Qxe2 Qxg2+ 29. Qxg2 {Black resigns} 1-0

[Event "ICC Open 2015"]
[Site "Internet Chess Club"]
[Date "2015.05.30"]
[Round "11"]
[White "Nos"]
[Black "AlexSlizhevsky"]
[Result "0-1"]
[ICCResult "White resigns"]
[WhiteElo "2349"]
[BlackElo "2084"]
[Opening "Sicilian"]
[ECO "B50"]
[NIC "SI.01"]
[Time "16:14:08"]
[TimeControl "180+0"]

1. e4 c5 2. Nf3 d6 3. g3 Nc6 4. Bg2 Nf6 5. d3 g6 6. O-O Bg7 7. a4 O-O 8.
Nbd2 Rb8 9. Nc4 Nd7 10. Nh4 a6 11. f4 b5 12. Ne3 Bb7 13. g4 e5 14. g5 exf4
15. Rxf4 Qxg5 16. Nd5 Nde5 17. Qe1 Qd8 18. Qg3 Nd4 19. Qf2 g5 20. Nf6+ Kh8
21. c3 gxf4 {White resigns} 0-1

[Event "ICC Open 2015"]
[Site "Internet Chess Club"]
[Date "2015.05.30"]
[Round "11"]
[White "chessdjw"]
[Black "RobbieWilliams"]
[Result "1-0"]
[ICCResult "Black resigns"]
[WhiteElo "2325"]
[BlackElo "1771"]
[Opening "Réti: King's Indian attack (Barcza system)"]
[ECO "A07"]
[NIC "QP.09"]
[Time "16:14:26"]
[TimeControl "180+0"]

1. Nf3 d5 2. g3 e6 3. Bg2 f5 4. b3 Nf6 5. Bb2 c6 6. O-O Bc5 7. d3 O-O 8. e3
Nbd7 9. Nbd2 a5 10. a3 Qe7 11. Ne5 Nxe5 12. Bxe5 Nd7 13. Bb2 e5 14. Qe2 Qg5
15. Kh1 f4 16. Nf3 Qf5 17. d4 exd4 18. exf4 Nf6 19. Nxd4 Qg6 20. Rae1 Kh8
21. Nf3 Bg4 22. h3 Bf5 23. Ne5 Qh6 24. g4 Be4 25. f3 Qxf4 26. fxe4
{Black resigns}
1-0

[Event "ICC Open 2015"]
[Site "Internet Chess Club"]
[Date "2015.05.30"]
[Round "11"]
[White "krankenstein"]
[Black "MJXII"]
[Result "0-1"]
[ICCResult "White resigns"]
[WhiteElo "1132"]
[BlackElo "1532"]
[Opening "Queen's pawn game"]
[ECO "A45"]
[NIC "QP.07"]
[Time "16:13:49"]
[TimeControl "180+0"]

1. d4 Nf6 2. h3 e6 3. Nf3 d5 4. a3 c5 5. b3 Nc6 6. Bf4 cxd4 7. Nxd4 Nxd4 8.
Qxd4 Bd6 9. Bg5 O-O 10. e3 e5 11. Qd1 Be6 12. Nc3 Be7 13. Bh4 Rc8 14. Qd2 d4
15. exd4 exd4 16. Nb5 Nd5 17. Nxd4 Bxh4 18. Nxe6 fxe6 19. O-O-O Bg5 20. f4
Bxf4 21. Qxf4 Rxf4 22. g3 Rf2 23. c4 Rc2+ 24. Kxc2 Ne3+ 25. Kb2 Qxd1
{White resigns}
0-1

[Event "ICC Open 2015"]
[Site "Internet Chess Club"]
[Date "2015.05.30"]
[Round "11"]
[White "MassCarnage"]
[Black "Chisel"]
[Result "1-0"]
[ICCResult "Black resigns"]
[WhiteElo "2014"]
[BlackElo "1863"]
[Opening "Scotch gambit: Benima defense"]
[ECO "C21"]
[NIC "KP.04"]
[Time "16:14:20"]
[TimeControl "180+0"]

1. e4 e5 2. d4 exd4 3. Bc4 Nc6 4. Nf3 Be7 5. Nxd4 Nf6 6. Nc3 d6 7. h3 O-O 8.
Be3 Ne5 9. Be2 c6 10. Qd2 b5 11. a3 a6 12. f4 Nc4 13. Bxc4 bxc4 14. Nxc6 Qc7
15. Nxe7+ Qxe7 16. Nd5 Qxe4 17. Nxf6+ gxf6 18. O-O-O Bf5 19. Bd4 Rab8 20. g4
Be6 21. Rhe1 Qb7 22. Bxf6 c3 23. Bxc3 Rfc8 24. f5 Rxc3 25. Qxc3 Bd5 26. f6
Rc8 27. Qd2 Kh8 28. Qxd5 Qc7 29. c3 Rb8 30. Qg5 Rg8 31. Re8 {Black resigns}
1-0

[Event "ICC Open 2015"]
[Site "Internet Chess Club"]
[Date "2015.05.30"]
[Round "11"]
[White "flinkfinger"]
[Black "BigSerge"]
[Result "1-0"]
[ICCResult "Black resigns"]
[WhiteElo "2311"]
[BlackElo "2004"]
[Opening "English: four knights, kingside fianchetto"]
[ECO "A29"]
[NIC "EO.04"]
[Time "16:13:35"]
[TimeControl "180+0"]

1. c4 e5 2. Nc3 Nc6 3. Nf3 Nf6 4. g3 Bb4 5. Bg2 d6 6. O-O h6 7. Nd5 Ba5 8.
d3 O-O 9. Ne1 Bxe1 10. Qxe1 Nxd5 11. cxd5 Nd4 12. Qd1 Bg4 13. f3 Bd7 14. e3
Nf5 15. Bd2 Bb5 16. Qb3 Ba6 17. Rac1 Rc8 18. Bh3 Qg5 19. Rf2 c6 20. e4 Nd4
21. Bxg5 Nxb3 22. axb3 hxg5 23. Bxc8 Rxc8 24. dxc6 bxc6 25. Rfc2 Bb7 26. Kf2
g6 27. Ke3 Kg7 28. d4 exd4+ 29. Kxd4 f5 30. e5 c5+ 31. Ke3 dxe5 32. Rxc5
{Black resigns}
1-0

[Event "ICC Open 2015"]
[Site "Internet Chess Club"]
[Date "2015.05.30"]
[Round "11"]
[White "BoardLord"]
[Black "safadi001"]
[Result "0-1"]
[ICCResult "White resigns"]
[WhiteElo "2223"]
[BlackElo "2008"]
[Opening "English: four knights, 4.e3"]
[ECO "A00"]
[NIC "EO.05"]
[Time "16:14:13"]
[TimeControl "180+0"]

1. e3 Nc6 2. c4 e5 3. Nc3 Nf6 4. Nf3 Bb4 5. Nd5 e4 6. Nd4 Nxd5 7. cxd5 Nxd4
8. exd4 O-O 9. Bc4 b5 10. Bxb5 Qg5 11. O-O Qxd5 12. Qa4 a5 13. d3 exd3 14.
a3 Bb7 15. f3 d2 16. axb4 Qxd4+ 17. Kh1 axb4 18. Qxa8 Rxa8 19. Rxa8+ Bxa8
20. Bxd2 Qxd2 21. h3 Bd5 22. Ra1 Qxb2 23. Ra5 b3 24. Bxd7 Bxf3 25. gxf3 Qc1+
26. Kh2 Qd2+ 27. Kg3 Qxa5 {White resigns} 0-1

[Event "ICC Open 2015"]
[Site "Internet Chess Club"]
[Date "2015.05.30"]
[Round "11"]
[White "NICO"]
[Black "WhiteHorse"]
[Result "0-1"]
[ICCResult "White checkmated"]
[WhiteElo "2225"]
[BlackElo "2148"]
[Opening "Queen's pawn game"]
[ECO "D02"]
[NIC "QP.08"]
[Time "16:14:06"]
[TimeControl "180+0"]

1. d4 d5 2. Nf3 Bf5 3. c4 Nf6 4. Nc3 e6 5. Qb3 Qc8 6. Bf4 c6 7. e3 Nbd7 8.
Rc1 Be7 9. Be2 O-O 10. O-O a5 11. Na4 dxc4 12. Bxc4 Be4 13. Ne5 Bd5 14. Nxd7
Nxd7 15. Bxd5 exd5 16. Nb6 Nxb6 17. Qxb6 Bb4 18. a3 Be7 19. Qc7 Re8 20. Rc2
h6 21. Rfc1 a4 22. Bd6 Qe6 23. Bxe7 Rxe7 24. Qg3 Qf5 25. Rc3 Re6 26. f3 Rae8
27. Qf2 Rg6 28. Kh1 Ree6 29. Rc5 Ref6 30. Ra5 b5 31. Ra8+ Kh7 32. Ra6 Re6
33. Rc3 Qb1+ 34. Qg1 Qxb2 35. Qc1 Qxg2# {White checkmated} 0-1

[Event "ICC Open 2015"]
[Site "Internet Chess Club"]
[Date "2015.05.30"]
[Round "11"]
[White "EMILSEBY"]
[Black "wagnerbi"]
[Result "0-1"]
[ICCResult "White checkmated"]
[WhiteElo "2063"]
[BlackElo "1955"]
[Opening "English: Anglo-Grünfeld defense"]
[ECO "A16"]
[NIC "EO.64"]
[Time "16:14:41"]
[TimeControl "180+0"]

1. c4 Nf6 2. Nc3 d5 3. cxd5 Nxd5 4. d4 Nxc3 5. bxc3 g6 6. Nf3 Bg7 7. g3 c5
8. Bg2 O-O 9. O-O cxd4 10. cxd4 Nc6 11. Bb2 Qb6 12. Rb1 Bf5 13. d5 Bxb2 14.
dxc6 Bxb1 15. cxb7 Rab8 16. Qxb1 Rxb7 17. Qe4 Rc7 18. h4 Rfc8 19. h5 Rc1 20.
Bh3 Rxf1+ 21. Kxf1 e6 22. hxg6 hxg6 23. Ng5 Qc6 24. Qf4 Qh1# {White
checkmated} 0-1

[Event "ICC Open 2015"]
[Site "Internet Chess Club"]
[Date "2015.05.30"]
[Round "11"]
[White "noyb"]
[Black "holderlin"]
[Result "1-0"]
[ICCResult "Black forfeits on time"]
[WhiteElo "2023"]
[BlackElo "1733"]
[Opening "Queen's bishop game"]
[ECO "D02"]
[NIC "QP.06"]
[Time "16:13:38"]
[TimeControl "180+0"]

1. d4 Nf6 2. Nf3 d5 3. Bf4 h6 4. e3 g5 5. Bg3 g4 6. Ne5 h5 7. h4 gxh3 8.
gxh3 Ne4 9. Bf4 Nd7 10. Nd2 Nxe5 11. Bxe5 f6 12. Bf4 Ng5 13. h4 Ne6 14. Bg3
c5 15. c3 Qa5 16. Qc2 Kf7 17. Bd3 c4 18. Bg6+ Kg8 19. Rg1 Ng7 20. Bf4 Qd8
21. O-O-O b5 22. Rg2 a5 23. Rdg1 b4 24. e4 bxc3 25. bxc3 e5 26. dxe5 Ba3+
27. Kd1 Bg4+ 28. f3 dxe4 29. fxg4 fxe5 30. Bxe5 e3 31. gxh5 exd2 32. Rxd2
{Black forfeits on time}
1-0

[Event "ICC Open 2015"]
[Site "Internet Chess Club"]
[Date "2015.05.30"]
[Round "11"]
[White "slothchess"]
[Black "ILYMJPDL"]
[Result "1-0"]
[ICCResult "Black resigns"]
[WhiteElo "1690"]
[BlackElo "1976"]
[Opening "Scandinavian defense"]
[ECO "B01"]
[NIC "SD.03"]
[Time "16:14:53"]
[TimeControl "180+0"]

1. e4 d5 2. exd5 Nf6 3. d4 Bg4 4. Be2 Bxe2 5. Nxe2 Qxd5 6. O-O Nc6 7. c3
O-O-O 8. Nd2 e5 9. c4 Qd7 10. d5 Ne7 11. Nf3 Ng6 12. Nc3 a6 13. Re1 Bd6 14.
Be3 Bb4 15. a3 Bxc3 16. bxc3 Ng4 17. Bd2 c6 18. h3 Nf6 19. Nxe5 Nxe5 20.
Rxe5 cxd5 21. cxd5 Nxd5 22. Qf3 Nf6 23. Rb1 Qc6 24. Rc5 Rxd2 25. Rxc6+ bxc6
26. Qxc6+ Kd8 27. Rb8+ Ke7 28. Rxh8 {Black resigns} 1-0

[Event "ICC Open 2015"]
[Site "Internet Chess Club"]
[Date "2015.05.30"]
[Round "11"]
[White "hAutAjArvi"]
[Black "playwaycool"]
[Result "0-1"]
[ICCResult "White checkmated"]
[WhiteElo "2062"]
[BlackElo "2356"]
[Opening "Caro-Kann: Panov-Botvinnik attack, 5...e6"]
[ECO "B14"]
[NIC "CK.02"]
[Time "16:14:37"]
[TimeControl "180+0"]

1. e4 c6 2. d4 d5 3. exd5 cxd5 4. c4 e6 5. Nc3 Nf6 6. Nf3 dxc4 7. Bxc4 Bd6
8. O-O Nbd7 9. Re1 O-O 10. Bg5 h6 11. Bh4 a6 12. a3 b5 13. Ba2 Bb7 14. Ne5
Be7 15. Nxd7 Qxd7 16. Bg3 Rfe8 17. Be5 Nd5 18. Ne4 Rac8 19. Rc1 Rxc1 20.
Qxc1 Rc8 21. Qd2 b4 22. Bxd5 Qxd5 23. axb4 Qb3 24. Rc1 Rxc1+ 25. Qxc1 Bxe4
26. f3 Qc2 27. Qa1 Bd3 28. h3 Bxb4 29. Kh2 f6 30. Bf4 Kh7 31. Qa2 Bc4 32.
Qa1 a5 33. Be3 Bd6+ 34. Kh1 a4 35. h4 g5 36. hxg5 hxg5 37. Qg1 Kg7 38. Qa1
Qh7+ 39. Kg1 Qh2+ 40. Kf2 Bg3# {White checkmated} 0-1

[Event "ICC Open 2015"]
[Site "Internet Chess Club"]
[Date "2015.05.30"]
[Round "11"]
[White "fearlessone"]
[Black "cap78red"]
[Result "1-0"]
[ICCResult "Black checkmated"]
[WhiteElo "1696"]
[BlackElo "1423"]
[Opening "Van't Kruijs opening"]
[ECO "A00"]
[Time "16:13:43"]
[TimeControl "180+0"]

1. e3 Nf6 2. Ne2 g6 3. d3 d6 4. Nd2 Bg7 5. g3 O-O 6. Bg2 e5 7. O-O Nc6 8. b3
d5 9. Bb2 Be6 10. a3 e4 11. dxe4 Nxe4 12. Bxg7 Nxd2 13. Qxd2 Kxg7 14. Nf4
Ne5 15. Qd4 Qd6 16. Rad1 Kg8 17. c4 dxc4 18. Qxd6 cxd6 19. Nxe6 fxe6 20.
bxc4 Nxc4 21. Bxb7 Rab8 22. Ba6 Rb3 23. Bxc4 Rxa3 24. Bxe6+ Kg7 25. Rxd6 Rf6
26. Rd7+ Kh6 27. Bh3 a5 28. Rc1 Ra2 29. f4 a4 30. Bf1 a3 31. Ra7 Rd6 32. Bc4
Rdd2 33. Bxa2 Rxa2 34. e4 g5 35. fxg5+ Kxg5 36. Re1 Kf6 37. e5+ Ke6 38. Ra6+
Ke7 39. e6 h5 40. Ra7+ Ke8 41. e7 Rc2 42. Ra8+ Kd7 43. e8=Q+ Kd6 44. Rd8+
Kc5 45. Rc8+ Kb4 46. Rxc2 Kb3 47. Qe2 a2 48. Rxa2 Kc3 49. Rc1+ Kd4 50. Rd2#
{Black checkmated}
1-0

[Event "ICC Open 2015"]
[Site "Internet Chess Club"]
[Date "2015.05.30"]
[Round "11"]
[White "Kjaan1974"]
[Black "Knight83"]
[Result "1-0"]
[ICCResult "Black resigns"]
[WhiteElo "1380"]
[BlackElo "1229"]
[Opening "French defense"]
[ECO "C00"]
[NIC "FR.01"]
[Time "16:13:42"]
[TimeControl "180+0"]

1. e4 e6 2. Nf3 d5 3. exd5 exd5 4. Be2 Nf6 5. O-O Be7 6. d4 O-O 7. c4 c6 8.
cxd5 cxd5 9. Nc3 Nc6 10. h3 Be6 11. Be3 Qd7 12. Ne5 Nxe5 13. dxe5 Ne8 14. f4
f6 15. Bd4 fxe5 16. fxe5 a6 17. Rxf8+ Bxf8 18. Qd3 g6 19. Rf1 Ng7 20. Be3
Rc8 21. Bh6 Bf5 22. Qxd5+ Qxd5 23. Nxd5 Rc2 24. Bf3 Rxb2 25. g4 Be6 26. Nf6+
Kh8 27. Rd1 Bc5+ 28. Kh1 Be7 29. Bxg7+ Kxg7 30. Nd5 Rxa2 31. Nxe7 Rf2 32.
Bg2 b5 33. Nc6 Rc2 34. Nd4 {Black resigns} 1-0

[Event "ICC Open 2015"]
[Site "Internet Chess Club"]
[Date "2015.05.30"]
[Round "11"]
[White "SirHarmony"]
[Black "JAscorpio"]
[Result "1-0"]
[ICCResult "Black checkmated"]
[WhiteElo "1540"]
[BlackElo "1211"]
[Opening "French: advance, Milner-Barry gambit"]
[ECO "C02"]
[NIC "FR.03"]
[Time "16:14:39"]
[TimeControl "180+0"]

1. e4 e6 2. d4 d5 3. e5 c5 4. c3 Qb6 5. Nf3 Nc6 6. Bd3 Bd7 7. dxc5 Bxc5 8.
O-O O-O-O 9. b4 Be7 10. Be3 d4 11. Nxd4 Be8 12. a4 Nxd4 13. Bxd4 Qc6 14. Qe2
f6 15. Na3 a6 16. b5 axb5 17. Nxb5 fxe5 18. Na7+ Kc7 19. Nxc6 Kxc6 20. Bb5+
Kc7 21. Bxe5+ Bd6 22. Qc4+ Bc6 23. Bxg7 Ne7 24. Bxh8 Rxh8 25. Qxe6 h5 26.
Bxc6 bxc6 27. Rfd1 Nd5 28. c4 Nf4 29. Qxd6+ Kb6 30. Qxf4 h4 31. Rab1+ Kc5
32. Qd4# {Black checkmated} 1-0

[Event "ICC Open 2015"]
[Site "Internet Chess Club"]
[Date "2015.05.30"]
[Round "11"]
[White "bjerky"]
[Black "DMDIS"]
[Result "0-1"]
[ICCResult "White checkmated"]
[WhiteElo "1630"]
[BlackElo "1868"]
[Opening "QGD Slav: Dutch variation"]
[ECO "D18"]
[NIC "SL.05"]
[Time "16:14:03"]
[TimeControl "180+0"]

1. Nf3 d5 2. d4 c6 3. c4 Nf6 4. Nc3 dxc4 5. a4 Bf5 6. e3 e6 7. Bxc4 Bb4 8.
O-O O-O 9. h3 Nbd7 10. Qe2 Bg6 11. Rd1 Qa5 12. Bd2 Bh5 13. g4 Nxg4 14. hxg4
Bxg4 15. Ne4 Qh5 16. Ng3 Qh3 17. Bxb4 c5 18. dxc5 Ne5 19. Nxe5 Bxe2 20. Bxe2
a5 21. Ba3 Rad8 22. c6 bxc6 23. Bxf8 Rxf8 24. Nxc6 g6 25. b4 h5 26. b5 h4
27. Nf1 g5 28. b6 g4 29. b7 g3 30. fxg3 hxg3 31. b8=Q Rxb8 32. Nxb8 Kg7 33.
e4 f5 34. exf5 exf5 35. Ra3 f4 36. Rd4 Qf5 37. Bf3 Qc2 38. Rd7+ Kf6 39. Rad3
Qf2+ 40. Kh1 Qxf1# {White checkmated} 0-1

[Event "ICC Open 2015"]
[Site "Internet Chess Club"]
[Date "2015.05.30"]
[Round "11"]
[White "CrossShark"]
[Black "RaptureMan"]
[Result "1-0"]
[ICCResult "Black resigns"]
[WhiteElo "2678"]
[BlackElo "2248"]
[Opening "French: Winawer (Nimzovich) variation"]
[ECO "C15"]
[NIC "FR.08"]
[Time "16:14:04"]
[TimeControl "180+0"]

1. e4 e6 2. d4 d5 3. Nc3 Bb4 4. Bd3 dxe4 5. Bxe4 Nf6 6. Bd3 c5 7. dxc5 Nbd7
8. c6 bxc6 9. Nf3 O-O 10. O-O Nc5 11. a3 Nxd3 12. cxd3 Be7 13. d4 Nd5 14.
Ne5 Qb6 15. Nc4 Qc7 16. Qf3 Ba6 17. b3 Rab8 18. Nxd5 cxd5 19. Bf4 Qd7 20.
Bxb8 dxc4 21. Be5 cxb3 22. Rfd1 Bc4 23. d5 Bxd5 24. Qxb3 Bd6 25. Rxd5 exd5
26. Qxd5 Bxe5 27. Qxd7 Bxa1 28. Qxa7 Bf6 29. a4 Rd8 30. g3 g6 31. a5 Rd1+
32. Kg2 Rd2 33. a6 Bd4 34. Qb8+ Kg7 35. Qf4 Bb6 36. Qxd2 {Black resigns} 1-0

[Event "ICC Open 2015"]
[Site "Internet Chess Club"]
[Date "2015.05.30"]
[Round "11"]
[White "obt"]
[Black "bigali"]
[Result "1-0"]
[ICCResult "Black resigns"]
[WhiteElo "1919"]
[BlackElo "1634"]
[Opening "KP: Nimzovich defense"]
[ECO "B00"]
[NIC "VO.04"]
[Time "16:14:01"]
[TimeControl "180+0"]

1. e4 Nc6 2. Nc3 f5 3. exf5 d5 4. Qh5+ g6 5. fxg6 Bg7 6. gxh7+ Kf8 7.
hxg8=Q+ Kxg8 8. Qxd5+ Qxd5 9. Nxd5 Be5 10. Bc4 e6 11. Ne3 Nd4 12. Bb3 Rxh2
13. Rxh2 Bxh2 14. Ne2 Nxb3 15. axb3 Bd7 16. g3 Kf7 17. Ng4 Rh8 18. Ne5+ Ke7
19. Nxd7 Kxd7 20. Rxa7 Kc6 21. Kf1 e5 22. Kg2 b6 23. d3 Kd6 24. Be3 Kc6 25.
b4 Kd6 26. c4 Kc6 27. b5+ Kd6 28. b4 Rh7 29. c5+ bxc5 30. bxc5+ Kd5 31. b6
Kc6 32. b7 Rh8 33. Ra8 {Black resigns} 1-0

[Event "ICC Open 2015"]
[Site "Internet Chess Club"]
[Date "2015.05.30"]
[Round "11"]
[White "maxharm"]
[Black "putki"]
[Result "1-0"]
[ICCResult "Black resigns"]
[WhiteElo "1835"]
[BlackElo "1355"]
[Opening "QGD Slav: 3.Nf3"]
[ECO "D11"]
[NIC "SL.01"]
[Time "16:14:37"]
[TimeControl "180+0"]

1. d4 d5 2. c4 c6 3. Nf3 Nf6 4. g3 e6 5. Bg2 Nbd7 6. O-O Nb6 7. c5 Nbd7 8.
Nc3 Ne4 9. Nxe4 dxe4 10. Nd2 f5 11. e3 Be7 12. Nc4 Bf6 13. Nd6+ Ke7 14. f3
Kf8 15. fxe4 fxe4 16. Nxe4 h6 17. Qh5 a6 18. Nd6 Qe7 19. e4 g6 20. Bxh6+ Kg8
21. Qxg6+ Qg7 22. Bxg7 Bxg7 23. Qxe6+ Kh7 24. e5 Nf8 25. Be4+ {Black
resigns} 1-0

[Event "ICC Open 2015"]
[Site "Internet Chess Club"]
[Date "2015.05.30"]
[Round "11"]
[White "HaraldEskilstu"]
[Black "SurferRosa"]
[Result "0-1"]
[ICCResult "White resigns"]
[WhiteElo "2037"]
[BlackElo "2321"]
[Opening "Vienna: Paulsen-Mieses variation"]
[ECO "C26"]
[NIC "VG.01"]
[Time "16:14:00"]
[TimeControl "180+0"]

1. e4 e5 2. Nc3 Nf6 3. g3 d5 4. exd5 Nxd5 5. Bg2 Nf6 6. Nf3 Nc6 7. O-O Bc5
8. Re1 O-O 9. Nxe5 Nxe5 10. Rxe5 Bxf2+ 11. Kxf2 Ng4+ 12. Kg1 Nxe5 13. d4 Bg4
14. Qd2 Nf3+ 15. Bxf3 Bxf3 16. Qf4 Bh5 17. Be3 Re8 18. Bf2 Bg6 19. Nb5 Re4
20. Qxc7 Qxc7 21. Nxc7 Rc8 22. Nd5 Rxc2 23. Nc3 Re8 24. d5 Rxb2 25. Rd1 Rc2
26. Nb5 a6 27. Nd4 Rxa2 28. d6 Rd8 29. Nf3 Bh5 30. d7 Bxf3 31. Re1 Re2 32.
Rc1 Bc6 {White resigns} 0-1

[Event "ICC Open 2015"]
[Site "Internet Chess Club"]
[Date "2015.05.30"]
[Round "11"]
[White "catman"]
[Black "yaguaro"]
[Result "1-0"]
[ICCResult "Black resigns"]
[WhiteElo "1727"]
[BlackElo "1955"]
[Opening "Old Indian defense"]
[ECO "A42"]
[NIC "OI.07"]
[Time "16:14:06"]
[TimeControl "180+0"]

1. d4 d6 2. c4 e5 3. Nf3 e4 4. Ng5 f5 5. Nc3 Be7 6. Nd5 Bxg5 7. Bxg5 Qxg5 8.
Nxc7+ Kd8 9. Nxa8 b6 10. e3 Bb7 11. Qa4 Nc6 12. d5 Nge7 13. dxc6 Nxc6 14.
Rd1 Bxa8 15. h4 Qe7 16. Be2 Kc7 17. O-O Qxh4 18. Qa3 Qe7 19. b4 Rd8 20. b5
Na5 21. c5 dxc5 22. Rxd8 Qxd8 23. Rd1 Qe7 24. Qc3 Bb7 25. a4 Bc8 26. Rd2 Be6
27. Qe5+ Kb7 28. Rd6 Qf6 29. Rxe6 Qxe5 30. Rxe5 g5 31. Rxf5 h6 32. Rf6 c4
33. Rf7+ Kb8 34. Bd1 c3 35. Bc2 Nc4 36. Bxe4 Na3 37. Rb7+ Kc8 38. Rxa7 c2
39. Bxc2 Nxc2 40. Rh7 Nd4 41. exd4 {Black resigns} 1-0

[Event "ICC Open 2015"]
[Site "Internet Chess Club"]
[Date "2015.05.30"]
[Round "11"]
[White "saira"]
[Black "descorcharov"]
[Result "0-1"]
[ICCResult "White resigns"]
[WhiteElo "1787"]
[BlackElo "2277"]
[Opening "Caro-Kann: anti-anti-Caro-Kann defense"]
[ECO "B10"]
[NIC "CK.01"]
[Time "16:15:17"]
[TimeControl "180+0"]

1. e4 c6 2. c4 d5 3. d3 dxe4 4. dxe4 Qxd1+ 5. Kxd1 Nf6 6. f3 e5 7. Be3 Be6
8. Nc3 Nbd7 9. b3 O-O-O 10. Kc2 Bc5 11. Bxc5 Nxc5 12. Rd1 Rxd1 13. Nxd1 Rd8
14. Ne3 h6 15. Ne2 Bd7 16. Nc3 Ne6 17. Nf5 h5 18. Nd6+ Kc7 19. Nxf7 Rf8 20.
Nxe5 Nd4+ 21. Kb2 Re8 22. Nxd7 Nxd7 23. Bd3 g5 24. Re1 Ne5 25. Bc2 Rf8 26.
Ne2 Ne6 27. Ng3 h4 28. Nf5 Nf4 29. Rg1 Rd8 30. Kc3 Ne2+ 31. Kb4 Nxg1 32. Ng7
Rd2 33. Kc3 Rxg2 34. f4 gxf4 35. Ne6+ Kd6 36. Nxf4 Rxh2 37. b4 Rf2 38. c5+
Ke7 {White resigns} 0-1

[Event "ICC Open 2015"]
[Site "Internet Chess Club"]
[Date "2015.05.30"]
[Round "11"]
[White "MasterZachary"]
[Black "nitishdas"]
[Result "1-0"]
[ICCResult "Black checkmated"]
[WhiteElo "2161"]
[BlackElo "1828"]
[Opening "Saragossa opening"]
[ECO "A00"]
[NIC "VO.12"]
[Time "16:13:41"]
[TimeControl "180+0"]

1. c3 g6 2. d4 Bg7 3. g3 b6 4. Bg2 d5 5. e4 Bb7 6. Qb3 dxe4 7. Nd2 f5 8. Nh3
Nf6 9. Ng5 Qd5 10. c4 Qxd4 11. Ne6 Qd7 12. Nxg7+ Kf7 13. Nxf5 gxf5 14. O-O
c5 15. f3 Qd4+ 16. Kh1 e3 17. Nb1 e2 18. Re1 Qf2 19. Qc3 Ng4 20. Bf4 e5 21.
Nd2 exf4 22. Qxh8 Ne3 23. Qxh7+ Kf8 24. Rg1 Nxg2 25. Qxb7 Ne3 26. Qxa8 fxg3
27. Qxb8+ Kf7 28. Qxg3 e1=Q 29. Raxe1 Qxd2 30. Qg7+ Ke6 31. Rg6#
{Black checkmated}
1-0

[Event "ICC Open 2015"]
[Site "Internet Chess Club"]
[Date "2015.05.30"]
[Round "11"]
[White "geilgambler"]
[Black "kshakes"]
[Result "1-0"]
[ICCResult "Black checkmated"]
[WhiteElo "1753"]
[BlackElo "1568"]
[Opening "English opening"]
[ECO "A10"]
[NIC "EO.63"]
[Time "16:13:50"]
[TimeControl "180+0"]

1. c4 b6 2. e4 Ba6 3. Nc3 e5 4. d3 f6 5. Be3 Ne7 6. Be2 Ng6 7. g3 c6 8. h4
d6 9. h5 Ne7 10. h6 g6 11. Nh3 Qd7 12. Qd2 Qe6 13. O-O-O Qf7 14. f4 Nd7 15.
g4 Bc8 16. f5 g5 17. Nf2 Rg8 18. d4 Nb8 19. dxe5 fxe5 20. Bxg5 Rxg5 21. Qxg5
Ng8 22. Kb1 Qf6 23. Qh5+ Kd7 24. g5 Qe7 25. Ng4 Kc7 26. Rhg1 Nd7 27. f6
Ndxf6 28. gxf6 Nxf6 29. Nxf6 Qxf6 30. Qg5 Qxh6 31. Qxh6 Bxh6 32. Rh1 Bf4 33.
Rxh7+ Bd7 34. Rg1 Rd8 35. Rgg7 Kc8 36. Rxd7 Rxd7 37. Bg4 Kb7 38. Rxd7+ Ka6
39. Rxd6 c5 40. Bc8+ Ka5 41. a3 a6 42. Nd5 Bd2 43. Kc2 Be1 44. Rd7 b5 45.
Ra7 bxc4 46. Rxa6+ Kb5 47. a4# {Black checkmated} 1-0

[Event "ICC Open 2015"]
[Site "Internet Chess Club"]
[Date "2015.05.30"]
[Round "11"]
[White "Schack"]
[Black "PITCHUS"]
[Result "0-1"]
[ICCResult "White checkmated"]
[WhiteElo "1627"]
[BlackElo "1835"]
[Opening "Caro-Kann: Panov-Botvinnik attack, 5...g6"]
[ECO "B14"]
[NIC "CK.03"]
[Time "16:14:36"]
[TimeControl "180+0"]

1. d4 c6 2. e4 d5 3. exd5 cxd5 4. c4 Nf6 5. Nc3 g6 6. Nf3 Bg7 7. Bg5 dxc4 8.
Bxf6 Bxf6 9. Bxc4 O-O 10. O-O Bg4 11. Qb3 Bxf3 12. gxf3 Nc6 13. Qxb7 Nxd4
14. Ne4 Nxf3+ 15. Kg2 Nh4+ 16. Kg1 Qa5 17. f4 Rab8 18. Nxf6+ exf6 19. Qe7
Qf5 20. Bb3 Qg4+ 21. Kf2 Qg2+ 22. Ke1 Nf3+ 23. Rxf3 Qxf3 24. Qxf6 Rbe8+ 25.
Kd2 Re2+ 26. Kc1 Qe3+ 27. Kd1 Qd2# {White checkmated} 0-1